TOP OF THE 1ST |
San Diego Smashers batting - Pitching for Moose Jaw Ghostbusters : RHP Chandler Lindsey
|
Pitching: RHP Chandler Lindsey
|
|
Batting: RHB Luis Peña
|
0-0: Ball 1-0: Fly out, F9 (Flyball, 9M)
|
Batting: RHB Cisco Gatán
|
0-0: DOUBLE (Line Drive, 5)
|
Batting: LHB António Glaviz
|
0-0: Ball 1-0: Ball 2-0: Called Strike 2-1: Swinging Strike 2-2: Ball 3-2: Strikes out looking
|
Batting: LHB Jeffrey Bascombe
|
0-0: Called Strike 0-1: Ball 1-1: Foul Ball, location: 2F 1-2: Ball 2-2: Ball 3-2: Foul Ball, location: 2F 3-2: Base on Balls
|
Batting: LHB Pedro Cruz
|
0-0: Swinging Strike 0-1: Ball 1-1: Swinging Strike 1-2: Ball 2-2: Strikes out looking
|
Top of the 1st over - 0 run(s), 1 hit(s), 0 error(s), 2 left on base; San Diego 0 - Moose Jaw 0 |
BOTTOM OF THE 1ST |
Moose Jaw Ghostbusters batting - Pitching for San Diego Smashers : RHP Rafael Blanco
|
Pitching: RHP Rafael Blanco
|
|
Batting: RHB Pedro Meza
|
0-0: Swinging Strike 0-1: Ball 1-1: Ball 2-1: Ball 3-1: Called Strike 3-2: Foul Ball, location: 2F 3-2: SINGLE (Line Drive, 56)
|
Batting: LHB Will Vale
|
0-0: Ball 1-0: Foul Ball, location: 2F 1-1: Ball 2-1: Called Strike 2-2: Ball 3-2: Foul Ball, location: 2F 3-2: DOUBLE (Line Drive, 78M) Pedro Meza to third
|
Batting: RHB Earl Wiggins
|
0-0: Ball 1-0: Ball 2-0: Foul Ball, location: 2F 2-1: Swinging Strike 2-2: Strikes out swinging
|
Batting: RHB Paco Hernández
|
0-0: Ball 1-0: Ball 2-0: Ball 3-0: Called Strike 3-1: Base on Balls
|
Batting: LHB Bartolo Villanueva
|
0-0: DOUBLE (Line Drive, 9LM) Pedro Meza scores Will Vale scores Paco Hernández to third Runner from 3rd tries for Home, SAFE, throw made at trailing runner, OUT at third!
|
Batting: RHB Ángel García
|
0-0: Ball 1-0: Called Strike 1-1: Foul Ball, location: 2F 1-2: Fly out, F8 (Flyball, 89S)
|
Bottom of the 1st over - 3 run(s), 3 hit(s), 0 error(s), 0 left on base; San Diego 0 - Moose Jaw 3 |
TOP OF THE 2ND |
San Diego Smashers batting - Pitching for Moose Jaw Ghostbusters : RHP Chandler Lindsey
|
Batting: RHB Francisco Castillo
|
0-0: Foul Ball, location: 2F 0-1: Foul Ball, location: 2F 0-2: Ball 1-2: Foul Ball, location: 2F 1-2: Fly out, F3 (Popup, 3F)
|
Batting: RHB Will Bryant
|
0-0: Called Strike 0-1: Foul Ball, location: 2F 0-2: Foul Ball, location: 2F 0-2: SINGLE (Line Drive, 56)
|
Batting: RHB Armando Cruz
|
0-0: Ball 1-0: Ball 2-0: Called Strike 2-1: Called Strike 2-2: Foul Ball, location: 2F 2-2: Foul Ball, location: 2F 2-2: Strikes out swinging
|
Batting: RHB Justin Burgess
|
0-0: SINGLE (Groundball, 4M) Will Bryant to second
|
Batting: RHB Luis Peña
|
0-0: Ball 1-0: Ball 2-0: Foul Ball, location: 2F 2-1: Ground out U3 (Groundball, 3S)
|
Top of the 2nd over - 0 run(s), 2 hit(s), 0 error(s), 2 left on base; San Diego 0 - Moose Jaw 3 |
BOTTOM OF THE 2ND |
Moose Jaw Ghostbusters batting - Pitching for San Diego Smashers : RHP Rafael Blanco
|
Batting: RHB John Major
|
0-0: Foul Ball, location: 2F 0-1: Ball 1-1: SINGLE (Line Drive, 8LS)
|
Batting: RHB Aaron Wilson
|
0-0: Ball 1-0: Ball 2-0: Swinging Strike 2-1: Ball 3-1: Base on Balls John Major to second
|
Batting: LHB Carlos López
|
0-0: Ball 1-0: Swinging Strike 1-1: Called Strike 1-2: Foul Ball, location: 2F 1-2: Ball 2-2: Fielders Choice at 2nd, 3-6 (Groundball, 3) John Major to third
|
Batting: RHB Pedro Meza
|
0-0: Ball 1-0: Foul Ball, location: 2F 1-1: Ball 2-1: Grounds into double play, 6-4-3 (Groundball, 6)
|
Bottom of the 2nd over - 0 run(s), 1 hit(s), 0 error(s), 1 left on base; San Diego 0 - Moose Jaw 3 |
TOP OF THE 3RD |
San Diego Smashers batting - Pitching for Moose Jaw Ghostbusters : RHP Chandler Lindsey
|
Batting: RHB Cisco Gatán
|
0-0: Ball 1-0: Called Strike 1-1: Fly out, F7 (Line Drive, 78S)
|
Batting: LHB António Glaviz
|
0-0: Foul Ball, location: 2F 0-1: Ball 1-1: Called Strike 1-2: Ball 2-2: Strikes out swinging
|
Batting: LHB Jeffrey Bascombe
|
0-0: Ball 1-0: Foul Ball, location: 2F 1-1: Foul Ball, location: 2F 1-2: Strikes out swinging
|
Top of the 3rd over - 0 run(s), 0 hit(s), 0 error(s), 0 left on base; San Diego 0 - Moose Jaw 3 |
BOTTOM OF THE 3RD |
Moose Jaw Ghostbusters batting - Pitching for San Diego Smashers : RHP Rafael Blanco
|
Batting: LHB Will Vale
|
0-0: Called Strike 0-1: SOLO HOME RUN (Flyball, 89XD), Distance : 383 ft
|
Batting: RHB Earl Wiggins
|
0-0: Called Strike 0-1: SINGLE (Groundball, 4MD)
|
Batting: RHB Paco Hernández
|
0-0: Ball 1-0: Called Strike 1-1: Foul Ball, location: 2F 1-2: Ball 2-2: Strikes out swinging
|
Batting: LHB Bartolo Villanueva
|
0-0: Ball 1-0: Foul Ball, location: 2F 1-1: Grounds into double play, 5-4-3 (Groundball, 56)
|
Bottom of the 3rd over - 1 run(s), 2 hit(s), 0 error(s), 0 left on base; San Diego 0 - Moose Jaw 4 |
TOP OF THE 4TH |
San Diego Smashers batting - Pitching for Moose Jaw Ghostbusters : RHP Chandler Lindsey
|
Batting: LHB Pedro Cruz
|
0-0: SINGLE (Line Drive, 56)
|
Batting: RHB Francisco Castillo
|
0-0: Called Strike 0-1: Ball 1-1: Ball 2-1: Ball 3-1: Base on Balls Pedro Cruz to second
|
Batting: RHB Will Bryant
|
0-0: Called Strike 0-1: Hit by Pitch Pedro Cruz to third Francisco Castillo to second
|
Batting: RHB Armando Cruz
|
0-0: Fielders Choice at 3rd, U5 (Groundball, 5L) Pedro Cruz scores Will Bryant to second
|
Batting: RHB Justin Burgess
|
0-0: Ball 1-0: Foul Ball, location: 2F 1-1: SINGLE (Flyball, 9LS) Will Bryant to third Armando Cruz to second
|
Batting: RHB Luis Peña
|
0-0: Ball 1-0: Ball 2-0: Foul Ball, location: 2F 2-1: Called Strike 2-2: Ball 3-2: Fielders Choice at 2nd, 5-4 (Groundball, 56) Will Bryant scores Armando Cruz to third
|
Batting: RHB Cisco Gatán
|
0-0: Ball 1-0: Called Strike 1-1: Foul Ball, location: 2F 1-2: Ball 2-2: Ball 3-2: Foul Ball, location: 2F 3-2: Base on Balls Luis Peña to second
|
Batting: LHB António Glaviz
|
0-0: Foul Ball, location: 2F 0-1: Foul Ball, location: 2F 0-2: Strikes out swinging
|
Top of the 4th over - 2 run(s), 2 hit(s), 0 error(s), 3 left on base; San Diego 2 - Moose Jaw 4 |
BOTTOM OF THE 4TH |
Moose Jaw Ghostbusters batting - Pitching for San Diego Smashers : RHP Rafael Blanco
|
Batting: RHB Ángel García
|
0-0: Ball 1-0: Foul Ball, location: 2F 1-1: Ground out 4-3 (Groundball, 4)
|
Batting: RHB John Major
|
0-0: Called Strike 0-1: SINGLE (Line Drive, 4D)
|
Batting: RHB Aaron Wilson
|
0-0: Ball 1-0: Ball 2-0: Called Strike 2-1: DOUBLE (Line Drive, 3L) John Major to third
|
Batting: LHB Carlos López
|
0-0: Ball 1-0: Foul Ball, location: 2F 1-1: Foul Ball, location: 2F 1-2: Ball 2-2: Ground out 6-3 (Groundball, 6M) John Major scores Aaron Wilson to third
|
Batting: RHB Pedro Meza
|
0-0: Ball 1-0: SINGLE (Line Drive, 34) Aaron Wilson scores
|
Batting: LHB Will Vale
|
0-0: Foul Ball, location: 2F 0-1: Fly out, F7 (Flyball, 8LD)
|
Bottom of the 4th over - 2 run(s), 3 hit(s), 0 error(s), 1 left on base; San Diego 2 - Moose Jaw 6 |
TOP OF THE 5TH |
San Diego Smashers batting - Pitching for Moose Jaw Ghostbusters : RHP Chandler Lindsey
|
Batting: LHB Jeffrey Bascombe
|
0-0: Called Strike 0-1: SINGLE (Flyball, 78S)
|
Batting: LHB Pedro Cruz
|
0-0: Ball 1-0: Ball 2-0: Ball 3-0: Called Strike 3-1: Foul Ball, location: 2F 3-2: Foul Ball, location: 2F 3-2: Ground out U3 (Groundball, 3S) Jeffrey Bascombe to second
|
Batting: RHB Francisco Castillo
|
0-0: Ball 1-0: SINGLE (Groundball, 56D) Jeffrey Bascombe to third
|
Batting: RHB Will Bryant
|
0-0: Called Strike 0-1: Swinging Strike 0-2: Ball 1-2: Foul Ball, location: 2F 1-2: Grounds into double play, 5-4-3 (Groundball, 5L)
|
Top of the 5th over - 0 run(s), 2 hit(s), 0 error(s), 1 left on base; San Diego 2 - Moose Jaw 6 |
BOTTOM OF THE 5TH |
Moose Jaw Ghostbusters batting - Pitching for San Diego Smashers : RHP Rafael Blanco
|
Batting: RHB Earl Wiggins
|
0-0: Ball 1-0: Swinging Strike 1-1: Foul Ball, location: 2F 1-2: Foul Ball, location: 2F 1-2: Strikes out swinging
|
Batting: RHB Paco Hernández
|
0-0: Swinging Strike 0-1: Called Strike 0-2: Ground out 5-3 (Groundball, 5L)
|
Batting: LHB Bartolo Villanueva
|
0-0: Ball 1-0: Called Strike 1-1: Fly out, F6 (Popup, 56)
|
Bottom of the 5th over - 0 run(s), 0 hit(s), 0 error(s), 0 left on base; San Diego 2 - Moose Jaw 6 |
TOP OF THE 6TH |
San Diego Smashers batting - Pitching for Moose Jaw Ghostbusters : RHP Chandler Lindsey
|
Pitching: RHP Máximo Marín
|
|
Batting: RHB Armando Cruz
|
0-0: Ball 1-0: Called Strike 1-1: TRIPLE (Flyball, 78M)
|
Batting: RHB Justin Burgess
|
0-0: Swinging Strike 0-1: Ball 1-1: Swinging Strike 1-2: Strikes out looking
|
Batting: RHB Luis Peña
|
0-0: Ball 1-0: Ball 2-0: 2-RUN HOME RUN (Line Drive, 78XD), Distance : 435 ft
|
Batting: RHB Cisco Gatán
|
0-0: Ball 1-0: Called Strike 1-1: Ball 2-1: Foul Ball, location: 2F 2-2: Ball 3-2: Ground out 5-3 (Groundball, 15S)
|
Batting: LHB António Glaviz
|
0-0: Called Strike 0-1: Ball 1-1: SINGLE (Groundball, 34D)
|
Batting: LHB Jeffrey Bascombe
|
0-0: Foul Ball, location: 2F 0-1: Ball 1-1: Ball 2-1: Called Strike 2-2: Ball 3-2: Strikes out swinging
|
Top of the 6th over - 2 run(s), 3 hit(s), 0 error(s), 1 left on base; San Diego 4 - Moose Jaw 6 |
BOTTOM OF THE 6TH |
Moose Jaw Ghostbusters batting - Pitching for San Diego Smashers : RHP Rafael Blanco
|
Batting: RHB Ángel García
|
0-0: Ball 1-0: Ball 2-0: Ball 3-0: Called Strike 3-1: Base on Balls
|
Batting: RHB John Major
|
0-0: Ball 1-0: Called Strike 1-1: Ball 2-1: Swinging Strike 2-2: Grounds into double play, 4-6-3 (Groundball, 4)
|
Batting: RHB Aaron Wilson
|
0-0: Called Strike 0-1: Foul Ball, location: 2F 0-2: DOUBLE (Flyball, 7LM)
|
Pitching: LHP Javier Duarte
|
|
Batting: LHB Carlos López
|
0-0: Called Strike 0-1: Ball 1-1: Swinging Strike 1-2: Ball 2-2: Strikes out swinging
|
Bottom of the 6th over - 0 run(s), 1 hit(s), 0 error(s), 1 left on base; San Diego 4 - Moose Jaw 6 |
TOP OF THE 7TH |
San Diego Smashers batting - Pitching for Moose Jaw Ghostbusters : RHP Máximo Marín
|
Batting: LHB Pedro Cruz
|
0-0: Foul Ball, location: 2F 0-1: Called Strike 0-2: Ball 1-2: DOUBLE (Line Drive, 9LM)
|
Batting: RHB Francisco Castillo
|
0-0: Foul Ball, location: 2F 0-1: Ball 1-1: Swinging Strike 1-2: Ball Wild Pitch! Pedro Cruz to third 2-2: Strikes out swinging
|
Batting: RHB Will Bryant
|
0-0: Ball 1-0: Swinging Strike 1-1: Foul Ball, location: 2F 1-2: Ball 2-2: Ball 3-2: Base on Balls
|
Pitching: RHP Andrés Rivera
|
|
Pinch Hitting: LHB Raúl Guerra
|
0-0: Ball 1-0: Fly out, F9 (Flyball, 89D) Runner from 3rd tags up, SCORES, no throw
|
Pinch Hitting: SHB Yoshitoki Kouda
|
0-0: Ball 1-0: Swinging Strike 1-1: Called Strike 1-2: Strikes out looking
|
Top of the 7th over - 1 run(s), 1 hit(s), 0 error(s), 1 left on base; San Diego 5 - Moose Jaw 6 |
BOTTOM OF THE 7TH |
Moose Jaw Ghostbusters batting - Pitching for San Diego Smashers : LHP Javier Duarte
|
Now at 1B: Raúl Guerra
|
|
Now at SS: José González
|
|
Batting: RHB Pedro Meza
|
0-0: Foul Ball, location: 2F 0-1: Ball 1-1: Ball 2-1: Ball 3-1: Base on Balls
|
Batting: LHB Will Vale
|
0-0: Sac Bunt - play at first, batter OUT! 1-4 Pedro Meza to second
|
Batting: RHB Earl Wiggins
|
0-0: Fly out, F7 (Flyball, 78S)
|
Batting: RHB Paco Hernández
|
0-0: Called Strike 0-1: Ball 1-1: Ball 2-1: Called Strike 2-2: Strikes out swinging
|
Bottom of the 7th over - 0 run(s), 0 hit(s), 0 error(s), 1 left on base; San Diego 5 - Moose Jaw 6 |
TOP OF THE 8TH |
San Diego Smashers batting - Pitching for Moose Jaw Ghostbusters : RHP Andrés Rivera
|
Batting: RHB Luis Peña
|
0-0: Ground out 1-3 (Groundball, 13S)
|
Batting: RHB Cisco Gatán
|
0-0: Ball 1-0: Swinging Strike 1-1: Ball 2-1: SINGLE (Line Drive, 4D)
|
Batting: LHB António Glaviz
|
0-0: Ball 1-0: Ball 2-0: SINGLE (Line Drive, 7LS) Cisco Gatán to second
|
Batting: LHB Jeffrey Bascombe
|
0-0: Grounds out, U3 (Groundball, 3L) Cisco Gatán to third
|
Batting: LHB Pedro Cruz
|
0-0: Foul Ball, location: 2F 0-1: Called Strike 0-2: Ground out 6-3 (Groundball, 6M)
|
Top of the 8th over - 0 run(s), 2 hit(s), 0 error(s), 2 left on base; San Diego 5 - Moose Jaw 6 |
BOTTOM OF THE 8TH |
Moose Jaw Ghostbusters batting - Pitching for San Diego Smashers : LHP Javier Duarte
|
Batting: LHB Bartolo Villanueva
|
0-0: Called Strike 0-1: Ball 1-1: Ball 2-1: Called Strike 2-2: Strikes out swinging
|
Batting: RHB Ángel García
|
0-0: Foul Ball, location: 2F 0-1: Ball 1-1: Called Strike 1-2: Strikes out swinging
|
Batting: RHB John Major
|
0-0: Ball 1-0: Foul Ball, location: 2F 1-1: SINGLE (Line Drive, 89S)
|
Batting: RHB Aaron Wilson
|
0-0: Ball 1-0: Called Strike 1-1: SINGLE (Line Drive, 3D) John Major to second Throwing error, E9 John Major scores Aaron Wilson to second
|
Batting: LHB Carlos López
|
0-0: Foul Ball, location: 2F 0-1: Foul Ball, location: 2F 0-2: Strikes out looking
|
Bottom of the 8th over - 1 run(s), 2 hit(s), 1 error(s), 1 left on base; San Diego 5 - Moose Jaw 7 |
TOP OF THE 9TH |
San Diego Smashers batting - Pitching for Moose Jaw Ghostbusters : RHP Andrés Rivera
|
Pitching: LHP Raúl Sandoval
|
|
Batting: RHB Francisco Castillo
|
0-0: Ball 1-0: Called Strike 1-1: Called Strike 1-2: Foul Ball, location: 2F 1-2: Ball 2-2: Foul Ball, location: 2F 2-2: Ground out 4-3 (Groundball, 4)
|
Batting: RHB Will Bryant
|
0-0: Ball 1-0: Ball 2-0: Ball 3-0: Base on Balls
|
Pinch Hitting: RHB Javier García
|
0-0: Called Strike 0-1: Ball 1-1: Foul Ball, location: 2F 1-2: Ball 2-2: Ball 3-2: Strikes out swinging
|
Pinch Hitting: RHB Miguel Moreno
|
0-0: Ball 1-0: Foul Ball, location: 2F 1-1: Swinging Strike 1-2: Ball 2-2: Ball 3-2: Strikes out looking
|
Top of the 9th over - 0 run(s), 0 hit(s), 0 error(s), 1 left on base; San Diego 5 - Moose Jaw 7 |
|